 Dungeon Crawl Stone Soup version 0.30.0-15-g856e2d3f33 (webtiles) character file.

Game seed: 7312023007997337299

1442989 Sobieck the Petrodigitator (level 27, 184/184 HPs)
             Began as a Gargoyle Earth Elementalist on May 18, 2023.
             Was an Initiate of Gozag.
             Escaped with the Orb
             ... and 3 runes on May 19, 2023!
             The game lasted 04:04:52 (99879 turns).

Sobieck the Petrodigitator (GrEE)                  Turns: 99879, Time: 04:04:52

Health: 184/184    AC: 43    Str: 18    XL:     27
Magic:  34/56      EV: 16    Int: 30    God:    Gozag
Gold:   1878       SH: 10    Dex: 11    Spells: 40/77 levels left

rFire   + + .        a - staff of earth {!astaff}
rCold   + . .        G - +1 buckler of the Moneychanger {rF+}
rNeg    + . .        h - +7 ring mail of Insecurity {rPois Will+ Int+3 SInv}
rPois   ∞            U - +0 mask of the Dragon {Will+ Slay+3 SInv}
rElec   +            t - scarf {repulsion}
rCorr   .            E - +2 pair of gloves
SInv    +            V - +2 pair of boots {Stlth+}
Will    ++++.        d - amulet "Put-Me-On" {Reflect rPois rC+ Regen+ SH+5}
Stlth   +            r - ring of protection from fire
HPRegen 1.30/turn    A - ring of magical power
MPRegen 0.35/turn

%: repel missiles, reflection
@: flying, studying 2 skills
A: sickness immunity, AC +20, big wings, negative energy resistance 1,
electricity resistance, torment resistance 1, petrification resistance, antennae
1, thin skeletal structure 1, low MP 1, strong 1
0: Orb of Zot
}: 3/15 runes: decaying, silver, gossamer
a: Renounce Religion, Potion Petition, Call Merchant, Bribe Branch


You escaped.
You worshipped Gozag.
Gozag was most pleased with you.
You visited 10 branches of the dungeon, and saw 50 of its levels.
You also visited: Bailey and Wizlab.

You collected 31758 gold pieces.
You spent 3983 gold pieces at shops.
You paid 25897 gold pieces to Gozag.


Innate Abilities, Weirdness & Mutations

You are immune to sickness and miasma.
Your stone body is resilient. (AC +20)
You are immune to poison.
Your large and strong wings let you fly.
You resist negative energy. (rN+)
You are resistant to electric shocks. (rElec)
You are resistant to unholy torment.
You are immune to petrification.
You have a pair of small antennae on your head.
You have a somewhat thin skeletal structure. (Dex +2, Stealth+)
Your magical capacity is low. (-10% MP)
Your muscles are strong. (Str +4, Int/Dex -1)


   Skills:
 + Level 22.0 Fighting
 - Level 14.0 Armour
 - Level 16.0 Dodging
 - Level 2.1 Stealth
 - Level 3.0 Shields
 + Level 25.8 Spellcasting
 - Level 20.0 Conjurations
 - Level 5.0 Necromancy
 - Level 5.0 Transmutations
 O Level 27 Earth Magic


You had 40 spell levels left.
You knew the following spells:

 Your Spells              Type           Power      Damage    Failure   Level
a - Shatter               Erth           70%        3d51*     1%          9
b - Stone Arrow           Conj/Erth      100%       3d13      0%          3
c - Lee's Rapid Deconstr  Erth           70%        3d32*     0%          5
d - Borgnjor's Vile Clut  Necr/Erth      58%        N/A       1%          5
e - Lehudib's Crystal Sp  Conj/Erth      66%        10d15     1%          8
f - Sandblast             Erth           100%       2d20      0%          1
g - Irradiate             Conj/Tmut      42%        3d25      1%          5
h - Apportation           Tloc           76%        N/A       1%          1

Your spell library contained the following spells:

 Spells                   Type           Power      Damage    Failure   Level
 Magic Dart               Conj           100%       1d8       0%          1
 Passwall                 Tmut/Erth      96%        N/A       0%          2
 Searing Ray              Conj           100%       2d8       0%          2
 Beastly Appendage        Tmut           100%       N/A       1%          1
 Foxfire                  Conj/Fire      100%       2x1d9     1%          1
 Freeze                   Ice            100%       1d10      1%          1
 Slow                     Hex            100%       N/A       1%          1
 Call Imp                 Summ           76%        N/A       1%          2
 Lesser Beckoning         Tloc           76%        N/A       1%          2
 Momentum Strike          Conj/Tloc      100%       3d10      1%          2
 Poisonous Vapours        Pois/Air       76%        N/A       1%          2
 Scorch                   Fire           76%        2d8       1%          2
 Wereblood                Tmut           62%        N/A       1%          2
 Dazzling Flash           Conj/Hex       100%       N/A       1%          3
 Hailstorm                Conj/Ice       78%        3d16      1%          3
 Ignite Poison            Fire/Tmut/Pois 48%        N/A       1%          3
 Mephitic Cloud           Conj/Pois/Air  68%        N/A       1%          3
 Spider Form              Tmut/Pois      52%        N/A       1%          3
 Animate Armour           Summ/Erth      100%       N/A       1%          4
 Flame Wave               Conj/Fire      78%        2d17      1%          4
 Fulminant Prism          Conj/Hex       39%        3d17      1%          4
 Iskenderun's Mystic Bla  Conj/Tloc      78%        2d16      1%          4
 Leda's Liquefaction      Hex/Erth       54%        N/A       1%          4
 Petrify                  Tmut/Erth      100%       N/A       1%          4
 Sticky Flame             Conj/Fire      78%        2d9       1%          4
 Arcjolt                  Conj/Air       39%        1d49      1%          5
 Fireball                 Conj/Fire      39%        3d16      1%          5
 Freezing Cloud           Conj/Ice/Air   34%        6-21      2%          5
 Conjure Ball Lightning   Conj/Air       39%        3x3d13    3%          6
 Starburst                Conj/Fire      39%        6d11      3%          6
 Call Canine Familiar     Summ           38%        N/A       4%          3
 Frozen Ramparts          Ice            76%        1d12      4%          3
 Gell's Gravitas          Tloc           38%        N/A       4%          3
 Inner Flame              Hex/Fire       38%        N/A       4%          3
 Ozocubu's Armour         Ice            38%        N/A       4%          3
 Portal Projectile        Hex/Tloc       76%        N/A       4%          3
 Summon Guardian Golem    Hex/Summ       38%        N/A       4%          3
 Teleport Other           Tloc           38%        N/A       4%          3
 Tukima's Dance           Hex            38%        N/A       4%          3
 Vhi's Electric Charge    Tloc/Air       76%        N/A       4%          3
 Volatile Blastmotes      Fire/Tloc      76%        2d16      4%          3
 Anguish                  Hex/Necr       26%        N/A       4%          4
 Ice Form                 Ice/Tmut       52%        N/A       4%          4
 Blade Hands              Tmut           31%        N/A       4%          5
 Cause Fear               Hex            19%        N/A       13%         4
 Passage of Golubria      Tloc           38%        N/A       13%         4
 Summon Ice Beast         Ice/Summ       38%        N/A       13%         4
 Summon Lightning Spire   Summ/Air       38%        N/A       13%         4
 Alistair's Intoxication  Tmut/Pois      34%        N/A       13%         5
 Yara's Violent Unravell  Hex/Tmut       26%        3d11      13%         5
 Spellforged Servitor     Conj/Summ      39%        N/A       19%         7
 Death Channel            Necr           31%        N/A       26%         6
 Metabolic Englaciation   Hex/Ice        19%        N/A       36%         5
 Summon Forest            Summ/Tloc      19%        N/A       36%         5
 Summon Mana Viper        Hex/Summ       38%        N/A       36%         5
 Dragon Form              Tmut           31%        N/A       82%         7
 Plasma Beam              Fire/Air       19%        2x1d33    90%         6
 Summon Cactus Giant      Summ           19%        N/A       90%         6
 Haunt                    Necr/Summ      26%        N/A       99%         7
 Storm Form               Tmut/Air       26%        N/A       99%         7
 Enfeeble                 Hex            19%        N/A       100%        7
 Malign Gateway           Summ/Tloc      19%        N/A       100%        7
 Monstrous Menagerie      Summ           19%        N/A       100%        7
 Ozocubu's Refrigeration  Ice            19%        4d11      100%        7
 Discord                  Hex            19%        N/A       100%        8
 Ignition                 Fire           19%        3d7       100%        8
 Infestation              Necr           31%        N/A       100%        8
 Maxwell's Capacitive Co  Air            19%        ∞         100%        8
 Summon Horrible Things   Summ           19%        N/A       100%        8
 Chain Lightning          Conj/Air       39%        3d52      100%        9
 Dragon's Call            Summ           19%        N/A       100%        9
 Fire Storm               Conj/Fire      39%        8d10      100%        9
 Cigotuvi's Dreadful Rot  Necr/Pois/Air  Unusable   N/A       N/A         2
 Sublimation of Blood     Necr           Unusable   N/A       N/A         2
 Animate Dead             Necr           Unusable   N/A       N/A         4
 Statue Form              Tmut/Erth      Unusable   N/A       N/A         6
 Simulacrum               Ice/Necr       Unusable   N/A       N/A         6

Inventory:

Hand Weapons
 p - the +6 Majin-Bo {spellvamp, MP+6 Int+6}
   (You found it on level 3 of the Crypt)

   Int:       It affects your intelligence (+6).
   MP:        It affects your magic capacity (+6).
Armour
 h - the +7 ring mail of Insecurity (worn) {rPois Will+ Int+3 SInv}
   (You found it on level 5 of the Lair of Beasts)

   Int:       It affects your intelligence (+3).
   rPois:     It protects you from poison.
   SInv:      It lets you see invisible.
   Will:      It increases your willpower.
 t - a scarf of repulsion (worn)
   (You found it on level 4 of the Spider Nest)
 E - a +2 pair of gloves (worn)
   (You bought it in a shop on level 3 of the Dungeon)
 F - the +3 hat of Pondering {ponderous, Will+ MP+10 Int+5}
   (You bought it in a shop on level 15 of the Dungeon)

   Int:       It affects your intelligence (+5).
   MP:        It affects your magic capacity (+10).
   Will:      It increases your willpower.
 G - the +1 buckler of the Moneychanger (worn) {rF+}
   (You bought it in a shop on level 15 of the Dungeon)

   rF:        It protects you from fire.
 U - the +0 mask of the Dragon (worn) {Will+ Slay+3 SInv}
   (You found it on level 1 of the Realm of Zot)

   Slay:      It affects your accuracy & damage with ranged weapons and melee
   (+3).
   SInv:      It lets you see invisible.
   Will:      It increases your willpower.
 V - a +2 pair of boots of stealth (worn)
   (You found it on level 1 of the Vaults)
Magical Staves
 a - a staff of earth (weapon) {!astaff}
   (You found it on level 10 of the Dungeon)
Jewellery
 d - the amulet "Put-Me-On" (around neck) {Reflect rPois rC+ Regen+ SH+5}
   (You acquired it on level 4 of the Dungeon)

   [amulet of reflection]

   It reflects blocked missile attacks.
   rC:        It protects you from cold.
   rPois:     It protects you from poison.
   Regen:     It increases your rate of health regeneration.
   SH:        It affects your SH (+5).
 l - the ring "Wyulomiasm" {rC+ Int+4 Dex+6}
   (You took it off an ironbound convoker on level 5 of the Vaults)

   [ring of dexterity]

   Int:       It affects your intelligence (+4).
   Dex:       It affects your dexterity (+6).
   rC:        It protects you from cold.
 r - a ring of protection from fire (left hand)
   (You found it on level 6 of the Dungeon)
 w - a ring of positive energy
   (You found it on level 2 of the Dungeon)
 z - a ring of magical power
   (You took it off a yaktaur on level 5 of the Vaults)
 A - a ring of magical power (right hand)
   (You found it on level 2 of the Dungeon)
 T - a ring of see invisible
   (You took it off an ironbound preserver on level 2 of the Vaults)
Wands
 i - a wand of digging (22)
   (You found it on level 1 of the Swamp)
 k - a wand of iceblast (22)
   (You found it on level 2 of the Swamp)
 q - a wand of flame (149)
   (You found it on level 6 of the Dungeon)
 v - a wand of light (37)
   (You found it on level 2 of the Dungeon)
 y - a wand of mindburst (54)
   (You found it on level 4 of the Lair of Beasts)
 K - a wand of polymorph (8)
   (You found it on level 3 of the Lair of Beasts)
 Y - a wand of paralysis (44)
   (You found it on level 12 of the Dungeon)
Scrolls
 g - 26 scrolls of teleportation {@r4}
 j - 9 scrolls of amnesia
 m - 5 scrolls of vulnerability {!r!r}
 s - 3 scrolls of magic mapping {!r}
 x - 7 scrolls of poison
 B - 8 scrolls of noise {!r}
 C - 7 scrolls of immolation {!r!r}
 D - 28 scrolls of identify {@r1}
 J - 10 scrolls of blinking {!r}
 L - 5 scrolls of fog
 M - 3 scrolls of silence {!r}
 O - 6 scrolls of fear
 W - 3 scrolls of butterflies
 X - 2 scrolls of torment {!r}
Potions
 b - 4 potions of berserk rage {!q}
 c - 8 potions of attraction {!q}
 e - 8 potions of resistance
 f - 9 potions of ambrosia
 n - a potion of magic
 o - 11 potions of mutation {!q}
 u - 25 potions of curing {@q1}
 H - 10 potions of brilliance
 I - 6 potions of might
 N - 9 potions of cancellation
 P - 13 potions of lignification {!q}
 Q - 10 potions of haste {@q3}
 R - 2 potions of invisibility
 S - 10 potions of flight
 Z - 21 potions of heal wounds {@q2}

Dungeon Overview and Level Annotations

Branches:
Dungeon (15/15)            Temple (0/1) D:4            Lair (5/5) D:9
  Swamp (4/4) Lair:3       Spider (4/4) Lair:3        Slime (0/5) Lair:4
    Orc (2/2) D:12            Elf (3/3) Orc:2        Vaults (5/5) D:14
  Crypt (3/3) Vaults:2       Tomb (0/3) Crypt:3      Depths (4/4) D:15
    Zot (5/5) Depths:4     Bailey (visited)          WizLab (visited)

Altars:
Elyvilon
Fedhas
Gozag
Kikubaaqudgha
Sif Muna
Uskayaw
Vehumet
Xom
Yredelemnul
Zin

Shops:
D:3 (![   D:6 :   D:10 :   D:15 [   Orc:2 :=?[[[[(   Lair:1 *   Spider:4 :
Vaults:1 :!   Vaults:2 :   Vaults:3 [

Portals:
Hell: Depths:1 Depths:2 Depths:3 Depths:4
Abyss: Depths:3 Depths:4
Pandemonium: Depths:1 Depths:2
Ziggurat: Depths:4

Annotations:
Orc:2 exclusion: 2 upstairs
Elf:2 3 runed translucent doors
Vaults:3 3 runed translucent doors, Tang's ghost, master DsGl
Zot:1 4 transporters

#..###..........#.......#.# #
###.##...#.#..........#...# # #
#.....##..............### #
###..........#.....###.## #
.............##.#..###.##########
##...............................
#..#...P#~#P..$...#~#P..#.#####
#..##.P##~##P....##~##P.#.#
#..##..~~~~~..@..~~~~~....#
#.....P##~##P....##~##P..##
#.##...P#~#P.....P#~#P..##
#.###...................#
#......#..#####..##...###
######...........##.###
##.#######.###.# #.#######.# #.#
#..>......# #.#


There were no monsters in sight!


Message History

You fly upwards.
There is a stone staircase leading down here.
There is a stone staircase leading up here.
You fly upwards.
There is a stone staircase leading down here.
There is a stone staircase leading up here.
You fly upwards.
There is a stone staircase leading down here.
You see here a +0 leather armour.
An Orb Guardian comes into view.
Danger!
There is a stone staircase leading up here.
Casting: Shatter (dangerous; 1% risk of failure)
Confirm with . or Enter, or press ? or * to list all spells.
Aiming: Lehudib's Crystal Spear (mildly dangerous; 1% risk of failure)
Press: ? - help, Shift-Dir - straight line, f - Orb Guardian
Aim: an Orb Guardian (78% to hit)
You feel a surge of power!
The crystal spear hits the Orb Guardian!!!!
You kill the Orb Guardian!
Unknown command.
Unknown command.
You fly upwards.
There is a stone staircase leading down here.
Unknown command.
Unknown command.
(D) Dungeon (T) Temple (L) Lair (S) Swamp (N) Spider Nest (M) Slime Pits (O) Orcish Mines (E) Elven Halls (V) Vaults (C) Crypt (W) Tomb (U) Depths (H) Hell (Z) Zot
Where to? (Enter - D:1, ? - help)
Things that are here:
a +0 scale mail; a +0 trident {polearm}
There is a stone staircase leading up, spattered with blood here.
You fly upwards.
A demonspawn warmonger comes into view.
It is wielding a +0 demon blade of venom.
There is a stone staircase leading down here.
Danger!
The demonspawn warmonger unwields a +0 demon blade of venom.
It stops dripping with poison.
The demonspawn warmonger wields a +3 arbalest.
The demonspawn warmonger shoots a bolt.
You block the bolt with an invisible shield... and reflect it back!
The bolt hits the demonspawn warmonger!!
There is an open door here.
There is a stone staircase leading up here.
You fly upwards.
There is a stone staircase leading down here.
(D) Dungeon (T) Temple (L) Lair (S) Swamp (N) Spider Nest (M) Slime Pits (O) Orcish Mines (E) Elven Halls (V) Vaults (C) Crypt (W) Tomb (U) Depths (H) Hell (Z) Zot
Where to? (Enter - D:1, ? - help)
There is a stone staircase leading up here.
You fly upwards.
There is a stone staircase leading down here.
You see here a +0 whip {mace}.
There is a stone staircase leading up here.
You fly upwards.
There is a stone staircase leading down here.
There is an open door here.
There is an open door here.
There is a stone staircase leading up here.
You fly upwards.
There is a stone staircase leading down here.
There is a stone staircase leading up here.
You fly upwards.
There is a stone staircase leading down here.
There is a stone staircase leading up here.
You fly upwards.
There is a stone staircase leading down here.
There is a stone staircase leading up here.
You fly upwards.
There is a stone staircase leading down here.
An Orb Guardian comes into view.
Danger!
Unknown command.
Casting: Lehudib's Crystal Spear (mildly dangerous; 1% risk of failure)
Confirm with . or Enter, or press ? or * to list all spells.
You feel a surge of power!
The dungeon rumbles!
Ka-crash!
Casting: Shatter (dangerous; 1% risk of failure)
Confirm with . or Enter, or press ? or * to list all spells.
You feel a surge of power!
The dungeon rumbles!
You kill the Orb Guardian!
Ka-crash!
A large abomination comes into view.
Danger!
Casting: Shatter (dangerous; 1% risk of failure)
Confirm with . or Enter, or press ? or * to list all spells.
You feel a surge of power!
The dungeon rumbles!
You destroy the large abomination!
The plant begins to die. x5
Ka-crash!
A nearby plant withers and dies.
A nearby plant withers and dies. x2
There is a staircase leading out of the dungeon here.
You have escaped!

Skill      XL: |  1  2  3  4  5  6  7  8  9 10 11 12 13 14 15 16 17 18 19 20 21 22 23 24 25 26 27 |
---------------+----------------------------------------------------------------------------------+-----
Earth Magic    | 4 5 6 7 8 9 13 16 19 20 21 23 26 27 | 27.0
Shields        | 1 2 3 |  3.0
Spellcasting   | 3 5 7 8 9 10 11 14 18 20 22 23 25 | 25.8
Conjurations   | 1 5 6 7 14 18 20 | 20.0
Fighting       | 4 8 10 12 14 18 22 | 22.0
Dodging        | 3 7 9 10 12 14 16 | 16.0
Necromancy     | 5 |  5.0
Transmutations | 4 5 |  5.0
Armour         | 8 14 | 14.0
Stealth        | |  2.1

Action                     |  1- 3 |  4- 6 |  7- 9 | 10-12 | 13-15 | 16-18 | 19-21 | 22-24 | 25-27 || total
---------------------------+-------+-------+-------+-------+-------+-------+-------+-------+-------++-------
  Melee: Unarmed           |    19 |       |       |       |       |       |       |       |       ||    19
         Staff             |       |       |       |       |       |     1 |       |       |       ||     1
   Fire: Sling             |    35 |    57 |    52 |     5 |       |       |       |       |       ||   149
   Cast: Sandblast         |    45 |    62 |   113 |   104 |   293 |   262 |    37 |       |       ||   916
         Lee's Rapid Decon |       |       |     3 |    68 |   179 |   362 |   135 |       |     4 ||   751
         Stone Arrow       |       |       |     2 |    29 |    48 |   173 |    50 |       |       ||   302
         Borgnjor's Vile C |       |       |       |       |     3 |   205 |   102 |     9 |    11 ||   330
         Lehudib's Crystal |       |       |       |       |       |       |   143 |    35 |   171 ||   349
         Shatter           |       |       |       |       |       |       |    99 |   384 |   493 ||   976
         Apportation       |       |       |       |       |       |       |       |       |     8 ||     8
         Irradiate         |       |       |       |       |       |       |       |       |     2 ||     2
 Invoke: Call Merchant     |       |       |       |       |     4 |     2 |     1 |     1 |       ||     8
         Potion Petition   |       |       |       |       |       |       |     1 |     2 |     1 ||     4
         Bribe Branch      |       |       |       |       |       |       |       |       |     5 ||     5
  Evoke: Wand              |       |       |       |       |       |     5 |       |       |       ||     5
    Use: Potion            |       |     1 |     1 |     3 |     1 |     5 |       |     2 |     6 ||    19
         Scroll            |       |       |    16 |     5 |     5 |     3 |     3 |     1 |     6 ||    39
 Armour: Robe              |     8 |    13 |    18 |       |       |       |    10 |    32 |       ||    81
         Steam dragon scal |       |       |     3 |    14 |    95 |    78 |       |       |       ||   190
         Ring mail         |       |       |       |       |       |   497 |   167 |    36 |   133 ||   833
         Skin              |       |       |       |       |       |       |     2 |       |       ||     2
  Dodge: Dodged            |    26 |    17 |    25 |    18 |   135 |   491 |   152 |    66 |   103 ||  1033
         Repelled          |       |       |       |       |       |     2 |     9 |     2 |    17 ||    30
  Block: Buckler           |       |     1 |    23 |    19 |   103 |   439 |   104 |    43 |    71 ||   803
         Reflection        |       |       |     3 |     3 |     9 |    16 |    20 |    10 |     4 ||    65

Levels and vault maps discovered:
D:1:      eino_arrival_water_cross, layout_loops_ring,
          dreamdust_ecumenical_altar_grove
D:2:      layout_loops_ring, grunt_decor_resistance, hangedman_decor_points
D:3:      cheibrodos_greedy_goblins, layout_loops_ring, vehumet_statue,
          serial_shops, nicolae_shop_just_a_little_nook, shop, shop
D:4:      layout_loops_ring, grunt_temple_overflow_gold_and_silver,
          minmay_temple_entry_stoned_glass, amethyst_killhole
D:5:      layout_gridville, skrybe_limestone_x
D:6:      layout_rooms, serial_shops, shop, serial_glass, glass_columns_b,
          glass_columns_a, minmay_strange_pillars, item_on_display_a,
          item_on_display_a, item_on_display_a, uniq_crazy_yiuf_cottage
D:7:      layout_basic, chequers_serial_rivers_micro_c, uniq_maggie,
          uniq_duvessa
D:8:      layout_gridville, nicolae_hexahallways, uniq_psyche, uniq_pikel,
          uniq_prince_ribbit1
D:9:      layout_cave_pools, david_lair_generic, uniq_harold
D:10:     layout_rooms, mainiacjoe_overflow_large_starburst, enter_bailey_4,
          st_stairs_4, nicolae_shop_vocational, uniq_maurice
D:11:     layout_basic
D:12:     layout_basic, david_orc_5, fedhas_altar_4
D:13:     kennysheep_bubbly, layout_loops_ring, serial_ice, serial_ice_i,
          serial_ice_n, serial_ice_b, serial_ice_d,
          portal_ice_cave_entry_ice_simulacra, gauntlet_entry_generic,
          minmay_misc_feat_rows
D:14:     layout_gridville, grunt_vaults_entry_tiered, nicolae_uskayaw_en_pointe
D:15:     grunt_enter_depths_magical_seal, layout_long_grid,
          hellmonk_ghost_happy_afterlife, wad_floor_pattern_1
Lair:1:   layout_hall_layers, minivault_25, beast_lair_carwin_7
Lair:2:   layout_regular_city, st_stairs_3, infiniplex_staircase_pool_2,
          lemuel_fruit_tree
Lair:3:   layout_roguey, swamp_mist_pool, hellmonk_spider_entry_life_and_decay,
          uniq_josephine
Lair:4:   layout_gridlike, minmay_slime_entry_jelly_boxes,
          hangedman_tree_tricks, serial_bayou_ford_a, lemuel_old_faithful
Lair:5:   minmay_lair_end_enchanted_forest, layout_cave_shapes
Swamp:1:  layout_falls_marsh, evilmike_swamp_ruin_rubble_1,
          infiniplex_staircase_pool
Swamp:2:  layout_basic_swamp, hangedman_swamp_ruin_hall,
          nicolae_swamp_catching_bugs
Swamp:3:  layout_basic_swamp, evilmike_swamp_ruin_house_4, uniq_louise
Swamp:4:  swamp_old_school, layout_basic_swamp, swamp_pool5
Spider:1: layout_spider_delve, nicolae_spider_webbed_stairs, uniq_frances
Spider:2: layout_spider_delve, guppyfry_spider_mini_2, uniq_kirke
Spider:3: spiders_nest_a, uniq_jorgrun
Spider:4: grunt_spider_rune_circles, nicolae_spider_webs_and_nodes, drop_trap,
          uniq_aizul, uniq_arachne
Orc:1:    layout_diamond_mine, uniq_erolcha
Orc:2:    st_orc_elflike, layout_diamond_mine, serial_shops,
          nicolae_shop_real_fake_doors, uniq_urug, uniq_nessos
Elf:1:    nicolae_elf_arrival_no_cutting_in_line, layout_geoelf_octagon,
          minmay_elf_annihilation, uniq_nikola
Elf:2:    nicolae_elf_blades_crystal_corner, layout_geoelf_octagon, basic_altar
Elf:3:    grunt_elf_hall_spiral, layout_loops_corners,
          nicolae_elf_double_double_double_trouble
Vaults:1: portal_desolation_entry_nicolae_forbidding_blocks,
          vaults_room_octagon, nicolae_vaults_apartment_1, st_lattice,
          vaults_room_grunt_arrival_ludios, grunt_vaults_hallway_short,
          layout_vaults_big_room, serial_shops, shop
Vaults:2: hangedman_vaults_stagger, minmay_crypt_entry_simple_sparse,
          v_pattern_2, vaults_room_boxed, hangedman_vaults_unwind, v_misc_32,
          v_alt_pattern_5, ontoclasm_vaults_shout, nicolae_vaults_trapezoid_2,
          vaults_dpeg_ring, layout_vaults_big_cross, serial_shops,
          nicolae_book_shop_shelving
Vaults:3: gammafunk_ghost_crypt, nicolae_vaults_trapezoid_lopsided_4,
          nicolae_vaults_display_case, v_misc_33, vaults_room_door_ring,
          nicolae_vaults_trapezoid_layered, grunt_vaults_swirl,
          nicolae_vaults_little_ls, vaults_dpeg_cross, nicolae_vaults_diamond_1,
          v_rooms_6, ontoclasm_vaults_idyll, nicolae_vaults_two_Ls,
          hangedman_vaults_slice, layout_vaults_ring, uniq_saint_roka
Vaults:4: nicolae_vaults_wrenched, v_pattern_1, vaults_room_corners,
          vaults_standard_mumra_enter_the_diamond, nicolae_vaults_diamond_2,
          vaults_room_fours, layout_vaults_quadrants
Vaults:5
Crypt:1:  layout_gridlike, basic_altar, uniq_boris, uniq_frederick
Crypt:2:  layout_regular_city, infiniplex_enter_wizlab_water
Crypt:3:  lightli_unholy_cathedral, layout_chaotic_city,
          nicolae_tomb_entry_unfolded_pyramid_orthogonal
Depths:1: layout_honeycomb, grunt_pan_entry_in_and_out, hell_entry,
          lightli_minifort
Depths:2: minmay_curly_fans, layout_cave_pools, rand_demon_pan_entry_9,
          hell_entry, serial_hangedman_research,
          hangedman_research_thermodynamics, hangedman_research_pyrotechnics,
          hangedman_research_quantum, hangedman_research_convocations,
          hangedman_research_electronics, hangedman_research_probablistics,
          minivault_14, argonaut_fire_from_heaven
Depths:3: evilmike_negative_zone, layout_gridlike, minmay_misc_feat_chi,
          abyss_entry, grunt_metal_band, grunt_megastairs_3
Depths:4: grunt_zot_entry_hairpin, layout_gridlike, enter_ziggurat_e,
          xom_teletrap_fun, pf_coc_iceberg, abyss_entry_small_statue_room
Zot:1:    gammafunk_dig_for_victory, layout_onion_interference,
          chequers_guarded_unrand_mask_of_the_dragon
Zot:2:    layout_gridlike, st_stairs_8, hangedman_elemental_corridor
Zot:3:    layout_gridlike, zot_minivault_4
Zot:4:    layout_cellular_growth
Zot:5:    layout_twisted_circle

Notes
Turn   | Place    | Note
-------+----------+-------------------------------------------
     0 | D:1      | Sobieck the Gargoyle Earth Elementalist began the quest for
                  | the Orb.
     0 | D:1      | Reached XP level 1. HP: 10/10 MP: 3/3
    79 | D:1      | Found a faded altar of an unknown god.
   117 | D:1      | Reached skill level 4 in Earth Magic
   169 | D:1      | Prayed at the altar of an unknown god.
   169 | D:1      | Became a worshipper of Gozag Ym Sagoz the Greedy
   196 | D:1      | Reached XP level 2. HP: 15/15 MP: 1/5
   438 | D:1      | Reached skill level 5 in Earth Magic
   438 | D:1      | Reached XP level 3. HP: 19/19 MP: 6/6
  1367 | D:2      | You pick up a book of Weapons and begin reading...
  1367 | D:2      | You add the spells Tukima's Dance, Portal Projectile and
                  | Blade Hands to your library.
  1796 | D:2      | Reached XP level 4. HP: 24/24 MP: 7/7
  1820 | D:2      | Reached skill level 6 in Earth Magic
  2074 | D:3      | HP: 5/24 [goblin/sling bullet (2)]
  2244 | D:3      | Found Kozez's Armour Emporium.
  2252 | D:3      | Bought a +1 pair of gloves for 161 gold pieces
  2252 | D:3      | Bought a +0 helmet for 63 gold pieces
  2482 | D:3      | Reached skill level 1 in Shields
  2482 | D:3      | Reached XP level 5. HP: 28/28 MP: 8/8
  2660 | D:3      | Found Wamniaw's Weapon Emporium.
  2806 | D:3      | Reached skill level 2 in Shields
  2823 | D:3      | Found Imesy's Distillery.
  2830 | D:3      | Bought 2 potions of lignification for 60 gold pieces
  2830 | D:3      | Bought a potion of haste for 100 gold pieces
  2830 | D:3      | Bought a potion of invisibility for 80 gold pieces
  2830 | D:3      | Bought a potion of flight for 30 gold pieces
  2881 | D:3      | Found a radiant altar of Vehumet.
  2881 | D:3      | Noticed a frost-covered statue
  2935 | D:4      | Reached skill level 7 in Earth Magic
  2946 | D:4      | Reached XP level 6. HP: 32/32 MP: 9/9
  3083 | D:4      | Reached skill level 3 in Shields
  3095 | D:4      | Found a staircase to the Ecumenical Temple.
  3184 | D:4      | Reached skill level 8 in Earth Magic
  3188 | D:4      | Learned a level 3 spell: Stone Arrow
  3434 | D:4      | Reached skill level 3 in Spellcasting
  3434 | D:4      | Reached skill level 1 in Conjurations
  3434 | D:4      | Reached XP level 7. HP: 36/36 MP: 11/11
  3470 | D:4      | Found a glowing silver altar of Zin.
  3470 | D:4      | Found an opulent altar of Gozag.
  3592 | D:4      | Reached skill level 2 in Conjurations
  3804 | D:5      | Entered Level 5 of the Dungeon
  3820 | D:5      | Reached skill level 3 in Conjurations
  4192 | D:4      | Identified a scroll of acquirement
  4192 | D:4      | Acquired the amulet "Put-Me-On" {Reflect rPois rC+ Regen+
                  | SH+5}
  4291 | D:5      | Reached skill level 4 in Conjurations
  4386 | D:5      | Reached skill level 5 in Conjurations
  4407 | D:5      | Reached XP level 8. HP: 41/41 MP: 12/12
  4448 | D:5      | You add the spells Vhi's Electric Charge, Arcjolt and
                  | Maxwell's Capacitive Coupling to your library.
  4730 | D:6      | Reached skill level 6 in Conjurations
  4793 | D:6      | Reached skill level 4 in Spellcasting
  4988 | D:6      | Found a runed translucent door.
  4989 | D:6      | Noticed Crazy Yiuf
  5034 | D:6      | Reached skill level 5 in Spellcasting
  5093 | D:6      | Reached skill level 9 in Earth Magic
  5125 | D:6      | Found Huarig Aczo's Book Shop.
  5176 | D:6      | Bought a book of the Earth for 432 gold pieces
  5176 | D:6      | You pick up a book of the Earth and begin reading...
  5176 | D:6      | You add the spells Leda's Liquefaction and Lee's Rapid
                  | Deconstruction to your library.
  5255 | D:6      | Reached XP level 9. HP: 45/45 MP: 16/16
  5450 | D:7      | Reached skill level 10 in Earth Magic
  5513 | D:7      | Noticed Maggie
  5521 | D:7      | Killed Maggie
  5522 | D:7      | Reached skill level 11 in Earth Magic
  5559 | D:7      | Learned a level 5 spell: Lee's Rapid Deconstruction
  5607 | D:7      | Noticed Dowan
  5609 | D:7      | Noticed Duvessa
  5613 | D:7      | Killed Duvessa
  5614 | D:7      | Killed Dowan
  5683 | D:7      | Reached skill level 12 in Earth Magic
  6451 | D:8      | Noticed Pikel
  6453 | D:8      | Killed Pikel
  6454 | D:8      | Reached skill level 13 in Earth Magic
  6454 | D:8      | Reached XP level 10. HP: 50/50 MP: 15/17
  6584 | D:8      | Noticed Prince Ribbit
  6587 | D:8      | Killed Prince Ribbit
  6658 | D:8      | Reached skill level 14 in Earth Magic
  6875 | D:8      | You pick up a book of Frost and begin reading...
  6875 | D:8      | You add the spells Freeze, Frozen Ramparts and Hailstorm to
                  | your library.
  6887 | D:8      | Noticed Psyche
  6891 | D:8      | Killed Psyche
  7408 | D:8      | Reached skill level 15 in Earth Magic
  7636 | D:8      | You pick up a book of Flames and begin reading...
  7636 | D:8      | You add the spells Inner Flame, Sticky Flame and Flame Wave
                  | to your library.
  7640 | D:8      | Identified the +12 short sword "Umifucw" {freeze, rF+ rC+
                  | Int+2}
  7927 | D:9      | Noticed an elephant
  7927 | D:9      | Found a staircase to the Lair.
  8049 | D:9      | Noticed Harold
  8063 | D:8      | Killed Harold
  8064 | D:8      | Reached skill level 16 in Earth Magic
  8185 | D:9      | Reached XP level 11. HP: 54/54 MP: 2/18
  8315 | D:8      | Reached skill level 17 in Earth Magic
  8991 | D:10     | Entered Level 10 of the Dungeon
  8991 | D:10     | Found a hide-covered altar of Uskayaw.
  9004 | D:10     | Found Gevyfi Nuto's Vocational Training.
  9104 | D:10     | Found a white marble altar of Elyvilon.
  9132 | D:10     | Found a flagged portal.
  9159 | Bailey   | Entered a bailey
  9201 | Bailey   | Noticed an orc warlord
  9315 | Bailey   | Found a runed translucent gate.
  9315 | Bailey   | Found a runed translucent gate.
  9343 | Bailey   | Found a runed translucent gate.
  9378 | Bailey   | Reached skill level 18 in Earth Magic
  9478 | Bailey   | Killed an orc warlord
  9500 | Bailey   | Reached skill level 7 in Spellcasting
  9500 | Bailey   | Reached skill level 19 in Earth Magic
  9500 | Bailey   | Reached XP level 12. HP: 59/59 MP: 8/23
  9501 | Bailey   | Identified the ring "Ynolekhli" {Ice +Blink Int-4 Slay+2}
  9514 | Bailey   | Identified the +2 glaive of Dim Light {antimagic, rC- rN+
                  | rCorr}
  9726 | D:10     | Noticed a two-headed ogre
  9728 | D:10     | Killed a two-headed ogre
  9804 | D:10     | Noticed a two-headed ogre
  9806 | D:10     | Killed a two-headed ogre
  9834 | D:10     | Reached skill level 20 in Earth Magic
  9943 | D:10     | Noticed Maurice
  9945 | D:10     | Killed Maurice
  9962 | D:10     | Reached skill level 8 in Spellcasting
  9986 | D:10     | Reached skill level 1 in Fighting
 10115 | D:10     | Reached skill level 2 in Dodging
 10144 | D:10     | Reached skill level 2 in Fighting
 10550 | D:11     | Reached skill level 3 in Fighting
 10607 | D:11     | Reached skill level 3 in Dodging
 11399 | D:11     | Reached skill level 4 in Fighting
 11820 | D:12     | Reached XP level 13. HP: 71/71 MP: 20/25
 11999 | D:12     | Reached skill level 4 in Dodging
 12075 | D:12     | Reached skill level 5 in Fighting
 12345 | D:12     | Reached skill level 6 in Fighting
 12348 | D:12     | Reached skill level 5 in Dodging
 12693 | D:12     | Reached skill level 6 in Dodging
 12892 | D:12     | Found a staircase to the Orcish Mines.
 13562 | D:12     | Found a blossoming altar of Fedhas.
 13734 | Orc:1    | Entered Level 1 of the Orcish Mines
 14335 | Orc:2    | Entered Level 2 of the Orcish Mines
 14409 | Orc:1    | Noticed Erolcha
 14429 | Orc:1    | Killed Erolcha
 14447 | Orc:1    | Reached skill level 7 in Fighting
 14983 | Orc:2    | Found Tebeniegh's Weapon Emporium.
 15425 | Orc:2    | Found a staircase to the Elven Halls.
 15480 | Orc:2    | Noticed Urug
 15507 | Orc:2    | Killed Urug
 15841 | Orc:2    | Noticed Nessos
 15844 | Orc:2    | Killed Nessos
 15845 | Orc:2    | Reached skill level 7 in Dodging
 15856 | Orc:2    | Reached skill level 9 in Spellcasting
 16026 | Orc:2    | Reached skill level 8 in Fighting
 16354 | Orc:2    | Gained mutation: Your large and strong wings let you fly.
                  | [Gargoyle growth]
 16354 | Orc:2    | Reached XP level 14. HP: 84/84 MP: 7/27
 16763 | Orc:2    | Paralysed by an orc sorcerer for 4 turns
 17051 | Orc:2    | Found Naig Poa's Antique Armour Shoppe.
 17051 | Orc:2    | Found Reoss's Armour Shoppe.
 17053 | Orc:2    | Found Beho Dec's Antique Armour Shop.
 17053 | Orc:2    | Found Zaalliu's Armour Shop.
 17376 | Lair:1   | Entered Level 1 of the Lair of Beasts
 17623 | Lair:1   | Reached skill level 9 in Fighting
 17900 | Lair:1   | Reached skill level 8 in Dodging
 18304 | Lair:1   | Bought a vibrating granite ring for 160 gold pieces
 18304 | Lair:1   | Identified the ring "Zoighoat" {Fire rPois Str+3} (You
                  | bought it in a shop on level 1 of the Lair of Beasts)
 18304 | Lair:1   | Bought a faintly humming leather armour for 224 gold pieces
 18304 | Lair:1   | Identified the +2 leather armour of the Depths {Rampage
                  | Dex+3 Slay+5} (You bought it in a shop on level 1 of the
                  | Lair of Beasts)
 18449 | Lair:2   | Reached skill level 10 in Spellcasting
 19839 | Lair:3   | Reached skill level 10 in Fighting
 19839 | Lair:3   | Reached skill level 9 in Dodging
 19839 | Lair:3   | Reached XP level 15. HP: 93/93 MP: 29/29
 20070 | Lair:3   | Found a staircase to the Swamp.
 20110 | Lair:3   | Reached skill level 11 in Spellcasting
 20118 | Lair:3   | Reached skill level 11 in Fighting
 20412 | Lair:3   | Found a hole to the Spider Nest.
 20419 | Lair:3   | You pick up a book of Unlife and begin reading...
 20419 | Lair:3   | You add the spells Borgnjor's Vile Clutch and Death Channel
                  | to your library.
 20426 | Lair:3   | Learned a level 5 spell: Borgnjor's Vile Clutch
 20701 | Lair:3   | Noticed Josephine
 20706 | Lair:3   | Killed Josephine
 21463 | Lair:4   | Found a staircase to the Slime Pits.
 22034 | Lair:4   | Found a blossoming altar of Fedhas.
 22207 | Lair:5   | Entered Level 5 of the Lair of Beasts
 22232 | Lair:5   | Reached skill level 10 in Dodging
 22329 | Lair:5   | Reached skill level 12 in Fighting
 22707 | Lair:5   | Reached XP level 16. HP: 101/101 MP: 31/31
 23548 | Lair:5   | Identified the +7 ring mail of Insecurity {rPois Will+
                  | Int+3 SInv}
 24169 | D:13     | Reached skill level 13 in Fighting
 24305 | D:13     | Reached skill level 1 in Necromancy
 24402 | D:13     | You are sucked into a shaft and drop 2 floors!
 24402 | D:15     | Entered Level 15 of the Dungeon
 24636 | D:13     | Reached skill level 11 in Dodging
 24775 | D:13     | Found a frozen archway.
 24943 | D:13     | Reached skill level 2 in Necromancy
 26034 | D:13     | Reached skill level 3 in Necromancy
 26943 | D:14     | Reached skill level 4 in Necromancy
 27034 | D:14     | Reached skill level 14 in Fighting
 27128 | D:14     | Found a gate to the Vaults.
 27133 | D:14     | You add the spells Passage of Golubria and Yara's Violent
                  | Unravelling to your library.
 27579 | D:14     | Found a hide-covered altar of Uskayaw.
 27734 | D:14     | You add the spells Ignite Poison and Freezing Cloud to your
                  | library.
 27918 | D:15     | Reached skill level 5 in Necromancy
 28014 | D:15     | You pick up a book of Party Tricks and begin reading...
 28014 | D:15     | You add the spells Apportation and Alistair's Intoxication
                  | to your library.
 28102 | D:15     | Reached skill level 12 in Dodging
 28336 | D:15     | Found a staircase to the Depths.
 28397 | D:15     | Noticed Juh Ocani's ghost (weakling FoFi)
 28400 | D:15     | Found a runed translucent door.
 28693 | D:15     | Bought a translucent buckler for 332 gold pieces
 28693 | D:15     | Identified the +1 buckler of the Moneychanger {rF+} (You
                  | bought it in a shop on level 15 of the Dungeon)
 28693 | D:15     | Bought the +3 hat of Pondering {ponderous, Will+ MP+10
                  | Int+5} for 1333 gold pieces
 28693 | D:15     | Found the +3 hat of Pondering {ponderous, Will+ MP+10
                  | Int+5}
 28842 | D:6      | Bought a book of Armaments for 432 gold pieces
 28842 | D:6      | You pick up a book of Armaments and begin reading...
 28842 | D:6      | You add the spells Animate Armour and Lehudib's Crystal
                  | Spear to your library.
 28990 | Spider:1 | Entered Level 1 of the Spider Nest
 29033 | Lair:3   | Reached skill level 7 in Conjurations
 29144 | Spider:1 | Reached XP level 17. HP: 111/111 MP: 32/32
 29627 | Spider:1 | Reached skill level 8 in Conjurations
 30007 | Lair:3   | Reached skill level 9 in Conjurations
 30343 | Spider:1 | You pick up a book of Changes and begin reading...
 30343 | Spider:1 | You add the spells Beastly Appendage, Wereblood and Spider
                  | Form to your library.
 30748 | Spider:1 | Reached skill level 10 in Conjurations
 31179 | Spider:1 | Noticed Frances
 31183 | Spider:1 | Killed Frances
 31423 | Spider:2 | Noticed Kirke
 31429 | Spider:1 | Killed Kirke
 31480 | Spider:1 | Reached skill level 11 in Conjurations
 31912 | Spider:2 | Reached skill level 12 in Conjurations
 33061 | Spider:2 | Reached skill level 13 in Conjurations
 33764 | Spider:3 | Reached skill level 14 in Conjurations
 34266 | Spider:3 | Noticed Jorgrun
 34270 | Spider:3 | Killed Jorgrun
 34279 | Spider:3 | Reached XP level 18. HP: 116/116 MP: 14/33
 34451 | Spider:3 | Reached skill level 15 in Conjurations
 35737 | Spider:3 | Reached skill level 16 in Conjurations
 36316 | Spider:4 | Entered Level 4 of the Spider Nest
 36342 | Spider:4 | Noticed Arachne
 36826 | Spider:4 | Noticed Aizul
 37040 | Spider:3 | Reached skill level 17 in Conjurations
 37122 | Spider:3 | Killed Aizul
 37205 | Spider:4 | Killed Arachne
 38468 | Spider:4 | You pick up a book of the Dragon and begin reading...
 38468 | Spider:4 | You add the spells Cause Fear, Dragon Form and Dragon's
                  | Call to your library.
 38559 | Spider:4 | Reached skill level 18 in Conjurations
 39383 | Spider:4 | Got a gossamer rune of Zot
 39541 | Swamp:1  | Entered Level 1 of the Swamp
 39757 | Swamp:1  | Identified the +4 shortbow "Jyxtebasm" {heavy, rPois}
 39824 | Swamp:1  | Identified the +1 dagger of the Revolution {vamp, rPois rC+
                  | Dex-2 SInv}
 40433 | Swamp:1  | Reached skill level 21 in Earth Magic
 41124 | Swamp:2  | Reached XP level 19. HP: 121/121 MP: 34/34
 42258 | Swamp:3  | Reached skill level 22 in Earth Magic
 42836 | Swamp:2  | Learned a level 8 spell: Lehudib's Crystal Spear
 42846 | Swamp:3  | Noticed Louise
 42951 | Swamp:3  | Killed Louise
 42954 | Swamp:3  | a +0 eveningstar of protection {macerare=g}; a +1 plate
                  | armour of willpower; a +0 tower shield
 43051 | Swamp:3  | a +0 eveningstar of protection {macerare=g}; a +1 plate
                  | armour of willpower; a +0 tower shield
 43051 | Swamp:3  | a +0 eveningstar of protection {macerare=g}; a +1 plate
                  | armour of willpower; a +0 tower shield
 43051 | Swamp:3  | Could not pick up a +0 eveningstar of protection
                  | {macerare=g} here; ([A]lways) ignore it?
 43764 | Swamp:4  | Entered Level 4 of the Swamp
 44091 | Swamp:3  | Reached skill level 19 in Conjurations
 45504 | Swamp:4  | Noticed the 27-headed Lernaean hydra
 45509 | Swamp:3  | Killed the 27-headed Lernaean hydra
 45510 | Swamp:3  | Reached skill level 20 in Conjurations
 45910 | Swamp:4  | You pick up a book of the Tundra and begin reading...
 46132 | Swamp:4  | Got a decaying rune of Zot
 46424 | Swamp:4  | Identified the +0 scale mail of the Frog {+Blink}
 46682 | Vaults:1 | Entered Level 1 of the Vaults
 47057 | Vaults:1 | You pick up a book of Death and begin reading...
 47057 | Vaults:1 | You add the spells Haunt and Infestation to your library.
 47070 | Vaults:1 | You pick up a book of Misfortune and begin reading...
 47294 | Vaults:1 | Found Ugrath's Distillery.
 47691 | Vaults:1 | Reached skill level 23 in Earth Magic
 47861 | Vaults:1 | Reached XP level 20. HP: 127/127 MP: 29/35
 48272 | Vaults:1 | Bought the Folio of the Quake and Assembling for 576 gold
                  | pieces
 48272 | Vaults:1 | You add the spells Summon Ice Beast and Shatter to your
                  | library.
 48282 | Vaults:1 | Learned a level 9 spell: Shatter
 49240 | Vaults:2 | Reached skill level 24 in Earth Magic
 49549 | Vaults:2 | You pick up a book of Winter and begin reading...
 49549 | Vaults:2 | You add the spells Ozocubu's Armour and Metabolic
                  | Englaciation to your library.
 49676 | Vaults:2 | Found Seuf Afa's Book Emporium.
 49683 | Vaults:2 | You are sucked into a shaft and drop 1 floor!
 50810 | Vaults:2 | Reached skill level 25 in Earth Magic
 51404 | Vaults:2 | Noticed a dread lich
 51494 | Vaults:2 | Killed a dread lich
 52264 | Vaults:2 | Reached skill level 26 in Earth Magic
 53079 | Elf:1    | Entered Level 1 of the Elven Halls
 53082 | Elf:1    | Reached XP level 21. HP: 132/132 MP: 36/36
 53671 | Elf:1    | You add the spells Momentum Strike and Spellforged Servitor
                  | to your library.
 53671 | Elf:1    | Got Wihal's Compilation of Conflict
 53782 | Elf:1    | Noticed Nikola
 53784 | Elf:1    | Killed Nikola
 54012 | Elf:1    | Reached skill level 27 in Earth Magic
 54935 | Elf:2    | Paralysed by an air elemental for 1 turns
 55059 | Elf:2    | Reached skill level 12 in Spellcasting
 55300 | Elf:2    | Found a shimmering blue altar of Sif Muna.
 55561 | Elf:2    | You pick up a book of Beasts and begin reading...
 55561 | Elf:2    | You add the spells Summon Mana Viper and Monstrous
                  | Menagerie to your library.
 55866 | Elf:2    | You pick up a book of Party Tricks and begin reading...
 56002 | Elf:2    | Found a runed translucent gate.
 56003 | Elf:2    | Found a runed translucent gate.
 56003 | Elf:2    | Found a runed translucent gate.
 56029 | Elf:3    | Entered Level 3 of the Elven Halls
 56138 | Elf:3    | Reached skill level 13 in Spellcasting
 56712 | Elf:3    | Reached skill level 14 in Spellcasting
 56886 | Elf:3    | Identified the +2 robe "Igom" {Rampage rPois rF++ Str-5}
 56909 | Elf:3    | Identified the +5 quarterstaff "Bokhly" {holy, *Corrode
                  | rElec rF+ Dex+5}
 57479 | Elf:3    | Identified the +4 glaive of Dividends {venom, *Rage Str+4
                  | Int+3 Stlth+}
 57480 | Elf:3    | Identified the +5 ring mail of Midsummer {rElec Str-4
                  | Dex+3}
 57480 | Elf:3    | a deep elf high priest comes into view. It is wielding the
                  | +11 plutonium sword {Contam Stlth-} and wearing the +5 ring
                  | mail of Midsummer {rElec Str-4 Dex+3}.
 57589 | Elf:3    | Identified the +7 whip of Woseut {spect, rPois Int+4}
 57729 | Elf:3    | Identified the +4 hand axe "Soledgh" {venom, rC+}
 57732 | Elf:3    | Found the +2 pair of slick slippers {slick, slippery, EV+4}
 57734 | Elf:3    | Identified the ring of Oxzai {rF- rC+ EV+5 Str+2}
 57741 | Elf:3    | Identified the staff of conjuration "Voniedd" {rPois rN+
                  | Int-5 Stlth+}
 57750 | Elf:3    | You pick up a book of the Dragon and begin reading...
 57928 | Elf:3    | Identified the +6 halberd of the Holding Jester {flame,
                  | Drain rPois Dex+5}
 58023 | Elf:3    | Identified the staff of cold "Japyatul" {rElec rPois rC+
                  | Will++ Int-3}
 58025 | Elf:3    | You add the spells Malign Gateway and Summon Horrible
                  | Things to your library.
 58153 | Elf:3    | Found a huge runed translucent gate.
 58153 | Elf:3    | Found a huge runed translucent gate.
 58153 | Elf:3    | Found a huge runed translucent gate.
 58154 | Elf:3    | Found a huge runed translucent gate.
 58154 | Elf:3    | Found a huge runed translucent gate.
 58155 | Elf:3    | Found a huge runed translucent gate.
 58155 | Elf:3    | Found a huge runed translucent gate.
 58188 | Elf:3    | Found a huge runed translucent gate.
 58190 | Elf:3    | Identified the +7 double sword of Infinite Pain {heavy,
                  | Int+4}
 58253 | Elf:3    | Reached XP level 22. HP: 137/137 MP: 40/40
 58921 | Elf:3    | Reached skill level 15 in Spellcasting
 59021 | Elf:3    | the +7 double sword of Infinite Pain {heavy, Int+4,
                  | longrare=g}; a +0 double sword {longrare=g}
 59022 | Elf:3    | the +7 double sword of Infinite Pain {heavy, Int+4,
                  | longrare=g}; a +0 double sword {longrare=g}
 59022 | Elf:3    | Could not pick up the +7 double sword of Infinite Pain
                  | {heavy, Int+4, longrare=g} and a +0 double sword
                  | {longrare=g} here; ([A]lways) ignore them?
 59023 | Elf:3    | a +3 double sword {longrare=g}; a +0 double sword
                  | {longrare=g}
 59024 | Elf:3    | a +3 double sword {longrare=g}; a +0 double sword
                  | {longrare=g}
 59024 | Elf:3    | Could not pick up a +3 double sword {longrare=g} and a +0
                  | double sword {longrare=g} here; ([A]lways) ignore them?
 59373 | Vaults:2 | Found a staircase to the Crypt.
 60670 | Vaults:3 | Noticed Saint Roka
 60792 | Vaults:3 | Killed Saint Roka
 60969 | Vaults:3 | Reached skill level 16 in Spellcasting
 61494 | Vaults:3 | Found a runed translucent gate.
 61494 | Vaults:3 | Found a runed translucent gate.
 61494 | Vaults:3 | Found an ancient bone altar of Kikubaaqudgha.
 61494 | Vaults:3 | Noticed an ancient lich
 61494 | Vaults:3 | Noticed a dread lich
 61494 | Vaults:3 | Noticed Tang's ghost (master DsGl)
 61495 | Vaults:3 | Noticed a dread lich
 61495 | Vaults:3 | Found a runed translucent gate.
 63321 | Vaults:4 | Reached skill level 17 in Spellcasting
 64281 | Vaults:4 | You pick up a book of Transfigurations {@e2} and begin
                  | reading...
 64622 | Vaults:4 | Learned a level 5 spell: Irradiate
 64634 | Vaults:5 | Entered Level 5 of the Vaults
 64636 | Vaults:5 | Reached skill level 2 in Transmutations
 64637 | Vaults:5 | Reached skill level 3 in Transmutations
 64802 | Vaults:5 | Reached skill level 4 in Transmutations
 64803 | Vaults:5 | Identified the +4 whip of the Pillar {venom, rPois MP+9}
 64922 | Vaults:5 | Reached skill level 18 in Spellcasting
 64922 | Vaults:5 | Reached XP level 23. HP: 120/142 MP: 45/45
 64924 | Vaults:5 | Reached skill level 5 in Transmutations
 64925 | Vaults:5 | Noticed a dread lich
 64927 | Vaults:5 | Killed a dread lich
 65116 | Vaults:5 | Noticed a golden dragon
 65277 | Vaults:5 | Reached skill level 19 in Spellcasting
 65281 | Vaults:5 | Killed a golden dragon
 65310 | Vaults:5 | Noticed a golden dragon
 65319 | Vaults:5 | Killed a golden dragon
 65521 | Vaults:5 | Identified the ring of the Burning Gods {Fly rF+ Dex+2}
 65870 | Vaults:5 | Identified the ring "Wyulomiasm" {rC+ Int+4 Dex+6}
 66417 | Vaults:5 | You pick up a book of Alchemy and begin reading...
 66468 | Vaults:5 | Identified the +5 short sword of Gluttony {elec, rElec MP+9
                  | Str+2 Int-2}
 66573 | Vaults:5 | Identified the staff of poison "Jiveuple" {rPois Int+7}
 66596 | Vaults:5 | You add the spells Searing Ray, Discord and Chain Lightning
                  | to your library.
 66596 | Vaults:5 | Got the Spellbook of Enchanted Hurting
 66600 | Vaults:5 | You add the spells Slow, Summon Guardian Golem and Summon
                  | Cactus Giant to your library.
 66600 | Vaults:5 | Got the Omnibus of Entrancing Illusion
 66605 | Vaults:5 | Got Potan's Volume of Places
 66608 | Vaults:5 | You pick up a book of Conjurations {@e2} and begin
                  | reading...
 66608 | Vaults:5 | You add the spells Magic Dart and Fulminant Prism to your
                  | library.
 66792 | Vaults:5 | Got a silver rune of Zot
 66990 | Vaults:5 | Identified the +6 quarterstaff "Zoymay" {antimagic, Str+3}
 67573 | D:6      | Killed Crazy Yiuf
 67814 | D:15     | Killed Juh Ocani's ghost
 67936 | Depths:1 | Entered Level 1 of the Depths
 67938 | Depths:1 | Reached skill level 1 in Armour
 67944 | Depths:1 | Reached skill level 2 in Armour
 68172 | Depths:1 | Reached skill level 3 in Armour
 68364 | Depths:1 | Reached skill level 4 in Armour
 68606 | Depths:1 | Reached skill level 20 in Spellcasting
 68894 | Depths:1 | Reached skill level 5 in Armour
 68956 | Depths:1 | Found a gateway to Hell.
 69157 | Depths:1 | Found a one-way gate leading to the halls of Pandemonium.
 69773 | Depths:2 | Reached skill level 6 in Armour
 69775 | Depths:2 | Reached skill level 7 in Armour
 70088 | Depths:2 | Reached skill level 8 in Armour
 70088 | Depths:2 | Reached XP level 24. HP: 132/148 MP: 47/47
 70227 | Depths:2 | Reached skill level 9 in Armour
 70474 | Depths:2 | Reached skill level 10 in Armour
 70929 | Crypt:1  | Entered Level 1 of the Crypt
 71072 | Crypt:1  | Reached skill level 11 in Armour
 71612 | Crypt:1  | Noticed Frederick
 71615 | Crypt:1  | Killed Frederick
 71792 | Crypt:1  | Reached skill level 12 in Armour
 71868 | Crypt:1  | Noticed Boris
 71871 | Crypt:1  | Killed Boris
 72366 | Crypt:1  | Found an ancient bone altar of Kikubaaqudgha.
 72905 | Crypt:2  | Reached skill level 13 in Dodging
 73319 | Crypt:2  | Noticed a curse skull
 73320 | Crypt:2  | Killed a curse skull
 73321 | Crypt:2  | Reached skill level 14 in Dodging
 73390 | Crypt:2  | Found a magical portal.
 73400 | WizLab   | Entered Maxwell's Workshop
 73773 | WizLab   | Reached skill level 13 in Armour
 73854 | WizLab   | Identified the ring of Muozxiuwn {Fire rElec Int-2 Dex+8
                  | Slay-4}
 73960 | WizLab   | Identified the +1 leather armour of a treasure trove {Will+
                  | Int+2}
 74380 | WizLab   | Identified the +9 quarterstaff "Loluty" {freeze, Drain
                  | rCorr Str+3 Int+4}
 74524 | WizLab   | Noticed an electric golem
 74527 | WizLab   | Killed an electric golem
 75926 | Crypt:3  | Entered Level 3 of the Crypt
 75935 | Crypt:3  | Noticed a curse skull
 75938 | Crypt:3  | Killed a curse skull
 75949 | Crypt:3  | Reached skill level 14 in Armour
 75950 | Crypt:3  | Noticed a curse skull
 76108 | Crypt:3  | Killed a curse skull
 76140 | Crypt:3  | Reached XP level 25. HP: 152/152 MP: 16/47
 76792 | Crypt:3  | Reached skill level 21 in Spellcasting
 77697 | Crypt:3  | Found a staircase to the Tomb.
 78321 | Crypt:3  | Found a basalt altar of Yredelemnul.
 78322 | Crypt:3  | Identified the ring "Lawkaur" {*Corrode rF- rC+ rN+ Dex+5}
 78322 | Crypt:3  | Identified the ring "Bexeatt" {Fly rN+}
 78322 | Crypt:3  | Identified the ring "Jidoh" {rN+ Str+3}
 78326 | Crypt:3  | Got the Guide on the Band
 78336 | Crypt:3  | Found an ancient bone altar of Kikubaaqudgha.
 78420 | Crypt:3  | Found the +6 Majin-Bo {spellvamp, MP+6 Int+6}
 78427 | Crypt:3  | Identified the +0 crystal plate armour "Ineutz" {rC+ Will+
                  | rCorr}
 78428 | Crypt:3  | Could not pick up the +0 crystal plate armour "Ineutz" {rC+
                  | Will+ rCorr, rare=g} here; ([A]lways) ignore it?
 78439 | Crypt:3  | You pick up a book of Flames and begin reading...
 78966 | Depths:2 | Noticed a caustic shrike
 78974 | Depths:2 | Killed a caustic shrike
 78974 | Depths:2 | Noticed a caustic shrike
 79169 | Depths:2 | Killed a caustic shrike
 79184 | Depths:2 | Noticed a caustic shrike
 79189 | Depths:2 | Killed a caustic shrike
 79289 | Depths:2 | Noticed a caustic shrike
 79299 | Depths:2 | Killed a caustic shrike
 79441 | Depths:2 | Reached skill level 22 in Spellcasting
 80005 | Depths:2 | Found a radiant altar of Vehumet.
 80013 | Depths:2 | You add the spells Foxfire, Fireball and Fire Storm to your
                  | library.
 80013 | Depths:2 | Got the Disquisition on the Tropics
 80408 | Depths:2 | You add the spells Call Imp, Call Canine Familiar and
                  | Summon Lightning Spire to your library.
 80408 | Depths:2 | Got Mnoleg's Elucidation of Phantasms
 80444 | Depths:2 | You add the spells Poisonous Vapours, Conjure Ball
                  | Lightning, Plasma Beam and Storm Form to your library.
 80444 | Depths:2 | Got the Vellum of Gases
 80498 | Depths:2 | Reached skill level 15 in Dodging
 80776 | Depths:2 | You add the spells Lesser Beckoning, Volatile Blastmotes
                  | and Teleport Other to your library.
 80776 | Depths:2 | Got the Exposition on Dislocation
 80815 | Depths:2 | Got Sif Muna's Catalogue of Conflagration {@e2}
 80936 | Depths:2 | You add the spells Dazzling Flash and Anguish to your
                  | library.
 80936 | Depths:2 | Got Uhaujyth's Handbook of Enchantment
 81114 | Depths:2 | You pick up a book of Displacement and begin reading...
 81114 | Depths:2 | Got the Elucidation of the Deep Freeze
 81393 | Depths:2 | Learned a level 1 spell: Apportation
 81426 | Depths:3 | Reached skill level 16 in Dodging
 82509 | Depths:3 | Noticed Boris
 82590 | Depths:3 | Killed Boris
 82751 | Depths:3 | Reached XP level 26. HP: 160/160 MP: 49/49
 82903 | Depths:3 | Reached skill level 15 in Fighting
 83652 | Depths:3 | Found a one-way gate to the infinite horrors of the Abyss.
 83972 | Depths:3 | a necromancer comes into view. It is wielding the +8
                  | Vampire's Tooth {megavamp}.
 84025 | Depths:3 | Found an ancient bone altar of Kikubaaqudgha.
 84621 | Depths:3 | You pick up a book of Blasting and begin reading...
 85149 | Depths:3 | Identified the staff of conjuration "Poamiogo" {Will-
                  | Dex+7}
 85428 | Depths:4 | Entered Level 4 of the Depths
 85816 | Depths:4 | Reached skill level 16 in Fighting
 86094 | Depths:4 | Found a one-way gateway to a ziggurat.
 86191 | Depths:4 | Found a shimmering altar of Xom.
 86522 | Depths:4 | You pick up a book of Vapours and begin reading...
 86571 | Depths:4 | Found a gate to the Realm of Zot.
 87039 | Depths:4 | Reached skill level 23 in Spellcasting
 87836 | Zot:1    | Entered Level 1 of the Realm of Zot
 88426 | Zot:1    | You pick up a book of Geomancy and begin reading...
 88609 | Zot:1    | Noticed an orb of fire
 88636 | Zot:1    | Gained mutation: You are occasionally teleported next to
                  | monsters. [an orb of fire]
 88636 | Zot:1    | Gained mutation: You sometimes lose your temper in combat.
                  | [an orb of fire]
 88642 | Zot:1    | Killed an orb of fire
 88643 | Zot:1    | Reached skill level 17 in Fighting
 88677 | Depths:4 | Lost mutation: You sometimes lose your temper in combat.
                  | [potion of mutation]
 88677 | Depths:4 | Lost mutation: You are occasionally teleported next to
                  | monsters. [potion of mutation]
 88677 | Depths:4 | Gained mutation: You are dopey. (Int -2) [potion of
                  | mutation]
 88677 | Depths:4 | Gained mutation: You are frail. (-10% HP) [potion of
                  | mutation]
 88677 | Depths:4 | Gained mutation: You have a somewhat thin skeletal
                  | structure. (Dex +2, Stealth+) [potion of mutation]
 88677 | Depths:4 | Gained mutation: You have large cloven feet. [potion of
                  | mutation]
 89969 | Zot:1    | Found a transporter.
 89973 | Zot:1    | Identified the ring of Egiafaru {Ice Int+4}
 89974 | Zot:1    | Noticed an ancient lich
 90000 | Zot:1    | Killed an ancient lich
 90002 | Zot:1    | Gained mutation: You are very frail. (-20% HP) [a
                  | cacodemon]
 90005 | Zot:1    | Gained mutation: You occasionally lose the ability to drink
                  | potions when taking damage. [a cacodemon]
 90179 | Depths:4 | Gained mutation: You are vulnerable to cold. (rC-) [a
                  | cacodemon]
 90203 | Depths:4 | Lost mutation: You have large cloven feet. [potion of
                  | mutation]
 90203 | Depths:4 | Lost mutation: You are dopey. (Int -2) [potion of mutation]
 90203 | Depths:4 | Gained mutation: Your muscles are strong. (Str +4, Int/Dex
                  | -1) [potion of mutation]
 90204 | Depths:4 | Lost mutation: You are vulnerable to cold. (rC-) [potion of
                  | mutation]
 90204 | Depths:4 | Lost mutation: You occasionally lose the ability to drink
                  | potions when taking damage. [potion of mutation]
 90204 | Depths:4 | Lost mutation: Your muscles are strong. (Str +4, Int/Dex
                  | -1) [potion of mutation]
 90204 | Depths:4 | Gained mutation: You have large cloven feet. [potion of
                  | mutation]
 90205 | Depths:4 | Lost mutation: You have large cloven feet. [potion of
                  | mutation]
 90205 | Depths:4 | Lost mutation: You are very frail. (-20% HP) [potion of
                  | mutation]
 90205 | Depths:4 | Lost mutation: You are frail. (-10% HP) [potion of
                  | mutation]
 90205 | Depths:4 | Gained mutation: You have a pair of small antennae on your
                  | head. [potion of mutation]
 90205 | Depths:4 | Gained mutation: Your magical capacity is low. (-10% MP)
                  | [potion of mutation]
 90205 | Depths:4 | Gained mutation: Your muscles are strong. (Str +4, Int/Dex
                  | -1) [potion of mutation]
 90269 | Zot:1    | Reached skill level 18 in Fighting
 90565 | Zot:1    | Noticed a dread lich
 90570 | Depths:4 | Reached XP level 27. HP: 173/173 MP: 45/45
 90611 | Zot:1    | Killed a dread lich
 90800 | Zot:1    | Identified the +7 morningstar "Igizxe" {freeze, Str-2 Dex+6
                  | SInv}
 90800 | Zot:1    | Noticed an orb of fire
 91023 | Zot:1    | Identified the amulet "Ywirch" {RegenMP Int+2}
 91035 | Zot:1    | Identified the staff of air "Toirul" {Fly rElec SInv}
 91079 | Zot:1    | Noticed a curse toe
 91228 | Zot:1    | Found a transporter.
 91450 | Zot:1    | Found a transporter.
 91450 | Zot:1    | Found the +0 mask of the Dragon {Will+ Slay+3 SInv}
 91475 | Zot:1    | Found a transporter.
 91898 | Zot:2    | Reached skill level 24 in Spellcasting
 92303 | Zot:2    | Noticed a curse toe
 92305 | Zot:2    | Killed a curse toe
 92798 | Zot:2    | Reached skill level 19 in Fighting
 93070 | Zot:2    | Acquired 1395 gold pieces
 95244 | Zot:3    | Reached skill level 20 in Fighting
 96413 | Zot:3    | You pick up a book of Spectacle and begin reading...
 96908 | Zot:4    | Reached skill level 25 in Spellcasting
 97778 | Zot:4    | Reached skill level 21 in Fighting
 99039 | Zot:5    | Entered Level 5 of the Realm of Zot
 99180 | Zot:5    | Noticed a dread lich
 99208 | Zot:5    | Noticed an ancient lich
 99210 | Zot:5    | Noticed an ancient lich
 99210 | Zot:5    | Noticed an orb of fire
 99211 | Zot:5    | Noticed an electric golem
 99217 | Zot:5    | Killed an electric golem
 99221 | Zot:5    | Killed an ancient lich
 99223 | Zot:5    | Killed an ancient lich
 99226 | Zot:5    | Noticed an orb of fire
 99227 | Zot:5    | Killed an orb of fire
 99229 | Zot:5    | Noticed a dread lich
 99311 | Zot:5    | Got the Orb of Zot
 99642 | D:13     | Reached skill level 22 in Fighting
 99879 | D:$      | Escaped with the Orb!

Vanquished Creatures
  An orb of fire (Zot:1)
  3 dread liches
  An ancient lich (Zot:1)
  Boris (twice) (Crypt:1 Depths:3)
  the Lernaean hydra (Swamp:3)
  A Killer Klown (Zot:4)
  Saint Roka (Vaults:3)
  Frederick (Crypt:1)
  A curse toe (Zot:2)
  16 golden dragons
  4 caustic shrikes (Depths:2)
  Nikola (Elf:1)
  2 profane servitors (Crypt:3)
  A bone dragon (Depths:4)
  A Tzitzimitl (Depths:3)
  Arachne (Spider:4)
  An electric golem (WizLab)
  A Hell Sentinel (Depths:4)
  A walking crystal tome (Depths:1)
  Jorgrun (Spider:3)
  21 tentacled monstrosities
  9 liches
  4 deep elf blademasters (Elf:3)
  An eldritch tentacle (Depths:2)
  6 quicksilver dragons
  2 Orb Guardians
  3 titans
  2 deep elf master archers (Elf:3)
  An Executioner (Depths:3)
  Frances (Spider:1)
  11 ancient champions
  A thorn hunter (Swamp:4)
  2 sphinxes
  10 death cobs
  Kirke (Spider:1)
  8 tengu reavers
  15 storm dragons
  15 shadow dragons
  8 draconian knights
  2 revenants
  10 fire giants
  5 draconian monks
  2 azure jellies (Depths:2)
  An iron dragon (Depths:3)
  3 deep elf sorcerers
  Louise (Swamp:3)
  10 frost giants
  10 ghost moths
  8 vault wardens
  A balrug (Depths:2)
  Aizul (Spider:3)
  2 draconian stormcallers
  A juggernaut zombie (Depths:3)
  3 curse skulls
  A spectral juggernaut (Depths:3)
  9 emperor scorpions
  7 draconian shifters
  8 draconian scorchers
  6 deep elf elementalists (Elf:3)
  2 orc warlords
  3 cacodemons
  An angel (WizLab)
  2 caustic shrike skeletons
  14 ghouls
  18 ironbound preservers
  A quicksilver ooze (shapeshifter) (Depths:2)
  3 war gargoyles
  A demonspawn corrupter (Depths:1)
  6 draconian annihilators
  A demonspawn blood saint (Depths:1)
  2 broodmothers (Spider:3)
  3 juggernaut skeletons (Depths:3)
  3 reapers (Depths:3)
  11 stone giants
  9 vampire knights
  11 ironbound thunderhulks
  29 very ugly things
  9 deep elf demonologists
  Nessos (Orc:2)
  12 green draconians
  6 eleionomae
  5 deep elf annihilators
  18 black draconians
  A lorocyproca (D:13)
  10 dire elephants
  A bunyip (Swamp:2)
  A bunyip (shapeshifter) (Vaults:5)
  20 white draconians
  10 spark wasps
  12 purple draconians
  19 yellow draconians
  4 crystal guardians (WizLab)
  14 deep elf death magi
  An acid blob zombie (Crypt:1)
  17 red draconians
  8 ettins
  2 mummy priests (Crypt:3)
  2 eidola
  A quicksilver dragon zombie (Crypt:2)
  15 yaktaur captains
  2 green deaths
  13 jiangshi
  5 deep elf high priests
  4 fire dragons
  Josephine (Lair:3)
  6 entropy weavers
  7 great orbs of eyes
  2 spriggan zombies
  A shambling mangrove (Swamp:2)
  A spectral tengu (Depths:3)
  6 peacekeepers
  4 salamander tyrants (WizLab)
  Erolcha (Orc:1)
  A spectral golden dragon (Depths:3)
  26 vault guards
  2 ghost crabs
  Harold (D:8)
  8 ice dragons
  2 spriggan air magi
  3 jorogumos
  4 rakshasas
  4 ironbound frosthearts
  3 ogre magi
  7 centaur warriors
  19 hydras
  5 boulder beetles
  A catoblepas (Lair:3)
  4 spriggan skeletons
  2 death knights (Crypt:1)
  2 radroaches (Spider:3)
  A spectral frost giant (Depths:3)
  A two-headed ogre (shapeshifter) (Vaults:5)
  7 two-headed ogres
  11 alligators
  26 dancing weapons
  A titan zombie (Crypt:3)
  8 deep troll earth magi
  Urug (Orc:2)
  4 spriggan berserkers
  5 tengu warriors
  7 orc high priests
  A spectral storm dragon (Depths:3)
  10 vampire magi
  A shock serpent (shapeshifter) (Vaults:1)
  A deep troll shaman (Depths:2)
  12 hell knights
  2 shock serpents (Depths:2)
  13 deep elf knights
  3 soul eaters (Crypt:3)
  4 pharaoh ants
  3 sun moths
  2 storm dragon skeletons (Depths:3)
  A fire crab (Depths:2)
  3 skysharks
  10 goliath frogs
  16 skeletal warriors
  A golden dragon zombie (Depths:3)
  4 shadow wraiths
  2 sixfirhies
  A glowing orange brain (shapeshifter) (Depths:2)
  An anaconda zombie (Crypt:3)
  11 swamp dragons
  4 iron trolls
  6 deep elf archers
  A golden dragon skeleton (Depths:3)
  11 bog bodies
  3 glowing orange brains
  10 orb spiders
  57 deep trolls
  A shadow demon (Depths:1)
  8 flayed ghosts
  12 wizards
  8 phantasmal warriors
  4 spriggan druids
  2 anaconda skeletons
  26 deep elf zephyrmancers
  9 lindwurms
  13 ironbound convokers
  Pikel (D:8)
  8 steelbarb worms
  A steelbarb worm (shapeshifter) (Depths:3)
  29 deep elf pyromancers
  A sphinx zombie (Depths:3)
  14 necromancers
  A shadow dragon skeleton (Depths:3)
  A wolf spider (shapeshifter) (Vaults:5)
  40 ugly things
  10 orc sorcerers
  15 orc knights
  4 salamanders (WizLab)
  28 wolf spiders
  3 will-o-the-wisps
  A faun (shapeshifter) (Vaults:5)
  7 cyclopes
  2 worldbinders (Depths:2)
  3 oklob plants (Lair:4)
  A manticore (shapeshifter) (Vaults:5)
  Maurice (D:10)
  22 moths of wrath
  A sphinx skeleton (Crypt:2)
  A moth of wrath (shapeshifter) (Elf:3)
  A shock serpent zombie (Crypt:1)
  A dire elephant zombie (Crypt:1)
  5 manticores
  A stone giant zombie (Vaults:3)
  A centaur zombie (D:15)
  A frost giant skeleton (Depths:1)
  7 elephants
  A goliath frog skeleton (Crypt:3)
  6 naga magi
  15 demonic crawlers
  2 ice statues (Depths:2)
  5 molten gargoyles
  2 black mambas
  A smoke demon (Depths:2)
  A catoblepas zombie (Crypt:1)
  13 gargoyles
  A stone giant skeleton (Vaults:3)
  16 vault sentinels
  A yaktaur zombie (Vaults:3)
  5 torpor snails
  An orange demon (Depths:1)
  3 rust devils
  6 cane toads
  2 centaur skeletons (D:15)
  2 unseen horrors (D:13)
  21 yaktaurs
  Maggie (D:7)
  An efreet (D:13)
  An ice devil (Depths:1)
  Psyche (D:8)
  An alligator snapping turtle skeleton (Crypt:1)
  A black draconian skeleton (Crypt:2)
  A death yak skeleton (Crypt:3)
  3 tormentors (Depths:3)
  2 rime drakes
  9 tengu conjurers
  A golden dragon simulacrum (Depths:3)
  9 komodo dragons
  A komodo dragon (shapeshifter) (Depths:2)
  5 guardian mummies (Crypt:3)
  7 freezing wraiths
  An anaconda simulacrum (Depths:2)
  A minotaur skeleton (Crypt:2)
  5 bloated husks
  A merfolk (shapeshifter) (Depths:2)
  2 red devils
  A hellwing (Depths:1)
  4 trolls
  5 tyrant leeches
  8 polar bears
  A human skeleton (Vaults:3)
  A shadow dragon simulacrum (Depths:3)
  A troll (shapeshifter) (Depths:2)
  7 meliai
  A meliai (shapeshifter) (Depths:2)
  2 tengu simulacra (Depths:3)
  A blink frog (shapeshifter) (Elf:2)
  10 hornets
  A wolf spider simulacrum (D:13)
  A hydra skeleton (Crypt:2)
  A sphinx simulacrum (Depths:3)
  23 blink frogs
  8 dream sheep
  An ettin zombie (Depths:1)
  40 tarantellas
  A snapping turtle (shapeshifter) (Depths:4)
  Prince Ribbit (D:8)
  An iron dragon simulacrum (Depths:3)
  A frost giant simulacrum (Depths:3)
  2 raiju (Depths:2)
  29 jumping spiders
  17 culicivoras
  4 air elementals
  A centaur simulacrum (D:13)
  16 spriggans
  5 flying skulls (Crypt:1)
  2 ushabtiu (Crypt:3)
  44 slime creatures
  An alligator skeleton (Crypt:2)
  2 ynoxinuls (Depths:1)
  4 shadows
  17 wraiths
  A black mamba zombie (Crypt:1)
  A vampire (D:12)
  19 humans
  A basilisk (shapeshifter) (D:14)
  A yak (shapeshifter) (Depths:2)
  36 yaks
  2 wyverns
  A large abomination (D:1)
  2 golden eyes (Depths:2)
  8 water elementals
  6 fire elementals
  4 basilisks
  A steam dragon (D:8)
  An elf simulacrum (Vaults:3)
  A chaos spawn (Depths:1)
  17 vampire mosquitoes
  2 spatial vortices (Depths:2)
  3 wargs
  64 redbacks
  A harpy simulacrum (Depths:2)
  A wind drake skeleton (Crypt:3)
  A faun zombie (Crypt:1)
  12 swamp worms
  A swamp worm (shapeshifter) (Vaults:5)
  Duvessa (D:7)
  8 water moccasins
  A glowing shapeshifter skeleton (Depths:3)
  A floating eye (shapeshifter) (Vaults:5)
  A cane toad skeleton (Crypt:3)
  A fire dragon simulacrum (Depths:2)
  4 ice beasts
  33 orc warriors
  7 black bears
  A meliai simulacrum (D:13)
  3 sky beasts
  A sky beast (shapeshifter) (Depths:2)
  11 swamp drakes
  A black mamba simulacrum (Depths:2)
  18 wolves
  19 boggarts
  9 ogres
  9 centaurs
  A phantom (D:4)
  A lemure (D:8)
  A kobold brigand (D:11)
  2 human zombies (Vaults:3)
  12 bullfrogs
  A vine stalker zombie (Crypt:1)
  2 earth elementals
  A gnoll sergeant (D:8)
  A yaktaur skeleton (Crypt:2)
  A glowing shapeshifter simulacrum (Depths:3)
  4 necrophages
  An elf skeleton (Crypt:1)
  32 scorpions
  A two-headed ogre simulacrum (D:13)
  12 wights
  A warg skeleton (Crypt:3)
  Dowan (D:7)
  The ghost of Juh Ocani the Shield-Bearer, a weakling FoFi (D:15)
  2 elephant simulacra (D:13)
  A killer bee (D:10)
  3 electric eels
  7 howler monkeys
  A lava snake (Depths:2)
  17 orc priests
  4 hounds
  13 jellies (Lair:4)
  A gnoll bouda (D:7)
  Crazy Yiuf (D:6)
  A sleepcap (D:6)
  25 orc wizards
  5 iguanas
  A boggart zombie (D:15)
  6 lightning spires
  A statue (D:3)
  2 spriggan simulacra
  A troll simulacrum (Depths:2)
  2 wolf simulacra (D:13)
  2 tengu skeletons
  A boggart simulacrum (D:13)
  12 mummies (Crypt:3)
  10 gnolls
  5 naga simulacra
  5 adders
  4 white imps
  3 ufetubi
  4 worms
  3 dart slugs
  83 orcs
  6 ball pythons
  7 bats
  7 endoplasms
  A giant cockroach (D:3)
  19 goblins
  14 hobgoblins
  8 jackals
  3 quokkas
  A river rat zombie (Crypt:2)
  4 frilled lizards
  25 kobolds
  A quokka skeleton (Crypt:1)
  A quokka zombie (Crypt:2)
  6 rats
  2 river rat skeletons
2417 creatures vanquished.

Vanquished Creatures (collateral kills)
  An ancient lich (Zot:5)
  A Killer Klown (Zot:5)
  An electric golem (Zot:5)
  5 Orb Guardians (Zot:5)
  A shadow dragon (Zot:5)
  A sixfirhy (Zot:2)
  A moth of wrath (Zot:5)
  A demonic crawler (Zot:5)
12 creatures vanquished.

Vanquished Creatures (others)
  An ancient lich (Zot:5)
  An orb of fire (Zot:5)
  2 tentacled monstrosities (Zot:5)
  13 Orb Guardians (Zot:5)
  An eldritch tentacle (Zot:5)
  A storm dragon (Zot:5)
  2 death cobs (Zot:5)
  A yellow draconian (Zot:5)
  A black draconian (Zot:5)
  2 lindwurms (Depths:2)
  A necromancer (Depths:3)
  2 bloated husks
  2 humans (Spider:2)
  A swamp drake (Swamp:1)
  An orc warrior (D:13)
  2 ball lightnings (Depths:2)
  12 foxfires
46 creatures vanquished.

Grand Total: 2475 creatures vanquished

Table legend:
 A = Non-vault XP
 B = Vault XP
 C = Vault XP percentage of total XP
 D = Non-vault monster count
 E = Vault monster count
 F = Vault count percentage of total count
                 A         B        C        D         E       F
            +---------+---------+-------+---------+---------+-------
      Total |  812652 |  624846 |  43.5 |    1470 |     955 |  39.4
            +---------+---------+-------+---------+---------+-------
        D:1 |      46 |       0 |   0.0 |      26 |       0 |   0.0
        D:2 |      54 |       0 |   0.0 |      24 |       0 |   0.0
        D:3 |     128 |      54 |  29.7 |      24 |      12 |  33.3
        D:4 |     516 |       0 |   0.0 |      22 |       0 |   0.0
        D:5 |     506 |       0 |   0.0 |      12 |       0 |   0.0
        D:6 |    1205 |      39 |   3.1 |      23 |       1 |   4.2
        D:7 |    1040 |     592 |  36.3 |      19 |       3 |  13.6
        D:8 |    1888 |    2773 |  59.5 |      31 |       6 |  16.2
        D:9 |    2210 |     328 |  12.9 |      18 |       2 |  10.0
       D:10 |    3532 |     810 |  18.7 |      11 |       8 |  42.1
       D:11 |    2741 |       0 |   0.0 |      20 |       0 |   0.0
       D:12 |    7919 |    1341 |  14.5 |      41 |      23 |  35.9
       D:13 |    8249 |    7140 |  46.4 |      24 |      30 |  55.6
       D:14 |    9942 |    7920 |  44.3 |      24 |      25 |  51.0
       D:15 |    3635 |    4160 |  53.4 |      10 |      10 |  50.0
     Lair:1 |    4668 |     606 |  11.5 |      21 |       3 |  12.5
     Lair:2 |    4066 |       0 |   0.0 |      16 |       0 |   0.0
     Lair:3 |   13117 |    2628 |  16.7 |      34 |       9 |  20.9
     Lair:4 |    5037 |    2991 |  37.3 |      18 |      23 |  56.1
     Lair:5 |    7744 |    6305 |  44.9 |      19 |      38 |  66.7
    Swamp:1 |   12515 |       0 |   0.0 |      23 |       0 |   0.0
    Swamp:2 |   13344 |    6960 |  34.3 |      24 |      13 |  35.1
    Swamp:3 |   13691 |    6199 |  31.2 |      25 |       5 |  16.7
    Swamp:4 |   14496 |   11206 |  43.6 |      25 |      22 |  46.8
   Spider:1 |   22020 |    3138 |  12.5 |      64 |       3 |   4.5
   Spider:2 |   16666 |    1293 |   7.2 |      42 |       6 |  12.5
   Spider:3 |   26877 |   19148 |  41.6 |      50 |      66 |  56.9
   Spider:4 |    9284 |   18226 |  66.3 |      19 |      35 |  64.8
      Orc:1 |    3750 |     871 |  18.8 |      18 |       1 |   5.3
      Orc:2 |    2462 |   10129 |  80.4 |      18 |      27 |  60.0
      Elf:1 |   18900 |    9803 |  34.2 |      29 |      12 |  29.3
      Elf:2 |   20048 |    5765 |  22.3 |      31 |       7 |  18.4
      Elf:3 |   20299 |   37877 |  65.1 |      36 |      33 |  47.8
   Vaults:1 |   29897 |    8390 |  21.9 |      44 |      12 |  21.4
   Vaults:2 |   26319 |   44036 |  62.6 |      44 |      47 |  51.6
   Vaults:3 |   11050 |   18211 |  62.2 |      25 |      28 |  52.8
   Vaults:4 |   20483 |   18388 |  47.3 |      34 |      22 |  39.3
   Vaults:5 |   22751 |   84340 |  78.8 |      33 |      80 |  70.8
    Crypt:1 |   31566 |    6137 |  16.3 |      54 |       2 |   3.6
    Crypt:2 |   21836 |       0 |   0.0 |      31 |       0 |   0.0
    Crypt:3 |   36314 |   33108 |  47.7 |      47 |      46 |  49.5
   Depths:1 |   31953 |    5684 |  15.1 |      37 |      11 |  22.9
   Depths:2 |   37215 |   47641 |  56.1 |      46 |      77 |  62.6
   Depths:3 |   41035 |   40435 |  49.6 |      42 |      54 |  56.2
   Depths:4 |   16328 |   20339 |  55.5 |      17 |      18 |  51.4
      Zot:1 |   44261 |   49074 |  52.6 |      35 |      29 |  45.3
      Zot:2 |   34833 |    9045 |  20.6 |      30 |       8 |  21.1
      Zot:3 |   58406 |   16058 |  21.6 |      48 |      12 |  20.0
      Zot:4 |   66611 |       0 |   0.0 |      53 |       0 |   0.0
      Zot:5 |    9199 |   18249 |  66.5 |       9 |      14 |  60.9
     Bailey |       0 |    1871 | 100.0 |       0 |      24 | 100.0
     WizLab |       0 |   35538 | 100.0 |       0 |      48 | 100.0
            +---------+---------+-------+---------+---------+-------

Skill      XL: |  1  2  3  4  5  6  7  8  9 10 11 12 13 14 15 16 17 18 19 20 21 22 23 24 25 26 27 |
---------------+----------------------------------------------------------------------------------+-----
Earth Magic    | 4 5 6 7 8 9 13 16 19 20 21 23 26 27 | 27.0
Shields        | 1 2 3 |  3.0
Spellcasting   | 3 5 7 8 9 10 11 14 18 20 22 23 25 | 25.8
Conjurations   | 1 5 6 7 14 18 20 | 20.0
Fighting       | 4 8 10 12 14 18 22 | 22.0
Dodging        | 3 7 9 10 12 14 16 | 16.0
Necromancy     | 5 |  5.0
Transmutations | 4 5 |  5.0
Armour         | 8 14 | 14.0
Stealth        | |  2.1

Action                     |  1- 3 |  4- 6 |  7- 9 | 10-12 | 13-15 | 16-18 | 19-21 | 22-24 | 25-27 || total
---------------------------+-------+-------+-------+-------+-------+-------+-------+-------+-------++-------
  Melee: Unarmed           |    19 |       |       |       |       |       |       |       |       ||    19
         Staff             |       |       |       |       |       |     1 |       |       |       ||     1
   Fire: Sling             |    35 |    57 |    52 |     5 |       |       |       |       |       ||   149
   Cast: Sandblast         |    45 |    62 |   113 |   104 |   293 |   262 |    37 |       |       ||   916
         Lee's Rapid Decon |       |       |     3 |    68 |   179 |   362 |   135 |       |     4 ||   751
         Stone Arrow       |       |       |     2 |    29 |    48 |   173 |    50 |       |       ||   302
         Borgnjor's Vile C |       |       |       |       |     3 |   205 |   102 |     9 |    11 ||   330
         Lehudib's Crystal |       |       |       |       |       |       |   143 |    35 |   171 ||   349
         Shatter           |       |       |       |       |       |       |    99 |   384 |   493 ||   976
         Apportation       |       |       |       |       |       |       |       |       |     8 ||     8
         Irradiate         |       |       |       |       |       |       |       |       |     2 ||     2
 Invoke: Call Merchant     |       |       |       |       |     4 |     2 |     1 |     1 |       ||     8
         Potion Petition   |       |       |       |       |       |       |     1 |     2 |     1 ||     4
         Bribe Branch      |       |       |       |       |       |       |       |       |     5 ||     5
  Evoke: Wand              |       |       |       |       |       |     5 |       |       |       ||     5
    Use: Potion            |       |     1 |     1 |     3 |     1 |     5 |       |     2 |     6 ||    19
         Scroll            |       |       |    16 |     5 |     5 |     3 |     3 |     1 |     6 ||    39
 Armour: Robe              |     8 |    13 |    18 |       |       |       |    10 |    32 |       ||    81
         Steam dragon scal |       |       |     3 |    14 |    95 |    78 |       |       |       ||   190
         Ring mail         |       |       |       |       |       |   497 |   167 |    36 |   133 ||   833
         Skin              |       |       |       |       |       |       |     2 |       |       ||     2
  Dodge: Dodged            |    26 |    17 |    25 |    18 |   135 |   491 |   152 |    66 |   103 ||  1033
         Repelled          |       |       |       |       |       |     2 |     9 |     2 |    17 ||    30
  Block: Buckler           |       |     1 |    23 |    19 |   103 |   439 |   104 |    43 |    71 ||   803
         Reflection        |       |       |     3 |     3 |     9 |    16 |    20 |    10 |     4 ||    65

Illustrated notes

Table legend:
 A = Kills in this place as a percentage of kills in the entire game.
 B = Kills by you in this place as a percentage of kills by you in the entire game.
 C = Kills by friends in this place as a percentage of kills by friends in the entire game.
 D = Other kills in this place as a percentage of other kills in the entire game.
 E = Experience gained in this place as a percentage of experience gained in the entire game.
 F = Experience gained in this place divided by the number of levels of this place that you have seen.
                   A       B       C       D       E      F
               +-------+-------+-------+-------+-------+----------------------
         Total | 100.0 | 100.0 | 100.0 | 100.0 | 100.0 | 27890.4
       Dungeon |  18.6 |  18.8 |   0.0 |   9.1 |   5.1 | 4951.9
          Lair |   7.4 |   7.5 |   0.0 |   0.0 |   3.3 | 9432.4
         Swamp |   5.6 |   5.6 |   0.0 |  18.2 |   5.4 | 19602.8
   Spider Nest |  11.7 |  11.8 |   0.0 |   0.0 |   8.0 | 29163.0
  Orcish Mines |   2.6 |   2.7 |   0.0 |   0.0 |   1.2 | 8606.0
   Elven Halls |   6.1 |   6.1 |   0.0 |   0.0 |   7.8 | 37564.0
        Vaults |  15.1 |  15.3 |   0.0 |   0.0 |  19.6 | 56773.0
         Crypt |   7.4 |   7.5 |   0.0 |   0.0 |   8.9 | 42987.0
        Depths |  12.6 |  12.7 |   0.0 |   0.0 |  16.9 | 61398.0
           Zot |   9.9 |   9.2 | 100.0 |  72.7 |  21.2 | 61613.0
        Bailey |   1.0 |   1.0 |   0.0 |   0.0 |   0.1 | 1871.0
        Wizlab |   2.0 |   2.0 |   0.0 |   0.0 |   2.5 | 35538.0
               +-------+-------+-------+-------+-------+----------------------

Table legend: (Time is in decaauts)
 A = Elapsed time spent in this place.
 B = Non-inter-level travel time spent in this place.
 C = Inter-level travel time spent in this place.
 D = Time resting spent in this place.
 E = Time spent auto-exploring this place.
 F = Levels seen in this place.
 G = Mean time per level.
                   A        B        C        D        E       F      G
               +--------+--------+--------+--------+--------+-----+--------+
         Total | 103385 |  97830 |   5555 |  36845 |  40879 |  52 | 1988.2 |
       Dungeon |  21168 |  18853 |   2315 |   3130 |  12498 |  15 | 1411.2 |
          Lair |   7756 |   7286 |    470 |   1469 |   4503 |   5 | 1551.2 |
         Swamp |   7158 |   6971 |    187 |   2847 |   2590 |   4 | 1789.5 |
   Spider Nest |  10170 |   9907 |    263 |   4638 |   2536 |   4 | 2542.5 |
  Orcish Mines |   3440 |   3101 |    339 |   1370 |    913 |   2 | 1720.0 |
   Elven Halls |   6295 |   6101 |    194 |   2715 |   2455 |   3 | 2098.3 |
        Vaults |  15555 |  14785 |    770 |   6568 |   5317 |   5 | 3111.0 |
         Crypt |   5863 |   5687 |    176 |   2388 |   2376 |   3 | 1954.3 |
        Depths |  13916 |  13461 |    455 |   6855 |   4049 |   4 | 3479.0 |
           Zot |  10056 |   9674 |    382 |   4269 |   2936 |   5 | 2011.2 |
        Bailey |    524 |    524 |      0 |     32 |    145 |   1 |  524.0 |
        Wizlab |   1479 |   1479 |      0 |    563 |    557 |   1 | 1479.0 |
               +--------+--------+--------+--------+--------+-----+--------+

Top non-repeatable levels by time:
Vaults:2: 4972 daAuts
Depths:4: 4163 daAuts
Spider:3: 4066 daAuts
Depths:3: 3864 daAuts
Depths:2: 3183 daAuts
   Zot:2: 3169 daAuts
Vaults:1: 3133 daAuts
Vaults:4: 3056 daAuts
Vaults:3: 2918 daAuts
 Crypt:2: 2780 daAuts
   Orc:2: 2705 daAuts
Depths:1: 2704 daAuts
   Zot:3: 2699 daAuts
  Lair:3: 2587 daAuts
    D:12: 2449 daAuts
